 Dungeon Crawl Stone Soup version 0.22-a0-614-g34fbaa0 (webtiles) character file.

7650 zishaf the Fighter (level 11, -5/62 HPs)
             Began as a Vine Stalker Assassin on July 20, 2018.
             Was a Follower of Uskayaw.
             Slain by a vampire (7 damage)
             ... on level 10 of the Dungeon.
             The game lasted 00:33:21 (10258 turns).

zishaf the Fighter (Vine Stalker Assassin)         Turns: 10258, Time: 00:33:21

Health: -5/62      AC:  8    Str: 17    XL:     11   Next: 18%
Magic:  0/15       EV: 16    Int: 11    God:    Uskayaw [*.....]
Gold:   503        SH:  0    Dex: 16    Spells: 10/10 levels left

rFire    + . .     SeeInvis .   y - +0 dagger (holy)
rCold    + + .     Gourm    .   (no shield)
rNeg     . . .     Faith    .   z - +1 robe {rC+}
rPois    .         Spirit   +   p - +2 helmet
rElec    .         Reflect  .   d - +1 cloak
rCorr    .         Harm     .   (no gloves)
MR       +....                  (no boots)
Stlth    +.........             P - amulet of inaccuracy (curse)
HPRegen  0.60/turn              i - ring of protection from cold
MPRegen  0.14/turn              s - ring of protection from fire

@: confused
A: fangs 3, regeneration 1, magic shield, antimagic bite, no potion heal 3, rot
immunity
a: Stomp, Renounce Religion


You were on level 10 of the Dungeon.
You worshipped Uskayaw.
Uskayaw was noncommittal.
You were not hungry.

You visited 2 branches of the dungeon, and saw 12 of its levels.
You also visited: Ossuary.

You collected 503 gold pieces.

Inventory:

Hand Weapons
 a - a +5 dagger
 b - a +0 blowgun
 l - a +4 dagger
 y - a +0 dagger of holy wrath (weapon)
 K - a +2 dagger
 W - a +3 dagger
 X - a +1 short sword of electrocution
Missiles
 e - 51 poisoned needles
 f - 2 curare-tipped needles
Armour
 d - a +1 cloak (worn)
 p - a +2 helmet (worn)
 q - a +0 scale mail of poison resistance
 z - a +1 robe of cold resistance (worn)
Jewellery
 h - an uncursed amulet of the acrobat
 i - a ring of protection from cold (left hand)
 o - an uncursed ring of protection from cold
 s - a ring of protection from fire (right hand)
 J - an uncursed ring of fire
 P - a cursed amulet of inaccuracy (around neck)
Wands
 c - a wand of disintegration (13)
 u - a wand of scattershot (5)
 x - a wand of random effects (46)
 L - a wand of iceblast (6)
 N - a wand of enslavement (17)
 Q - a wand of acid (10)
Scrolls
 m - 3 scrolls of enchant armour
 n - 5 scrolls of teleportation
 r - 4 scrolls of blinking
 t - 2 scrolls of enchant weapon
 w - 2 scrolls of immolation
 C - 2 scrolls of identify
 G - a scroll of amnesia
 S - a scroll of magic mapping {unknown}
Potions
 j - 2 potions of magic
 k - 3 potions of curing
 A - a potion of berserk rage {unknown}
 B - a potion of flight
 D - a potion of degeneration {unknown}
 E - 2 potions of might
 F - 2 potions of lignification
 H - 2 potions of agility
 I - a potion of brilliance {unknown}
 M - a potion of invisibility
Miscellaneous
 R - a lamp of fire
 U - a fan of gales
Comestibles
 g - 18 rations


   Skills:
 + Level 9.2 Fighting
 - Level 8.0 Short Blades
 - Level 5.0 Throwing
 - Level 6.0 Dodging
 - Level 6.0 Stealth
 - Level 4.0 Invocations
 + Level 3.6 Evocations


You had 10 spell levels left.
You didn't know any spells.
Your spell library contained the following spells:

 Spells                   Type           Power        Failure   Level  Hunger
 Magic Dart               Conj           #...         34%         1    ##.....
 Apportation              Tloc           #.....       34%         1    ##.....
 Summon Small Mammal      Summ           #...         34%         1    ##.....
 Iskenderun's Mystic Bla  Conj           #.......     98%         4    #####..
 Animate Skeleton         Necr           N/A          34%         1    ##.....
 Confusing Touch          Hex            #.....       34%         1    ##.....
 Fulminant Prism          Conj/Hex       #.........   98%         4    #####..
 Dazzling Spray           Conj/Hex       #.....       71%         3    ####...
 Force Lance              Conj/Tloc      #.......     98%         4    #####..
 Searing Ray              Conj           #.....       47%         2    ###....


Dungeon Overview and Level Annotations

Branches:
Dungeon (11/15)            Temple (1/1) D:7             Orc (0/2) D:9
   Lair: D:8-11

Altars:
Ashenzari
Cheibriados
Dithmenos
Elyvilon
Fedhas
Gozag
Hepliaklqana
Kikubaaqudgha
Makhleb
Nemelex Xobeh
Okawaru
Qazlal
Ru
Sif Muna
Trog
Uskayaw
Vehumet
Wu Jian
Xom
Yredelemnul
Zin
The Shining One

Shops:
D:5 :

Annotations:
D:9 3 runed doors, handsome's ghost, novice OpWn


Innate Abilities, Weirdness & Mutations

You have razor-sharp teeth.
Your natural rate of healing is unusually fast.
When hurt, damage is shared between your health and your magic reserves.
Your bite disrupts and absorbs the magic of your enemies.
Potions cannot restore your health.
You are immune to rotting.


Message History

Something completely misses you.
You barely miss something. Something hits you.
* * * LOW HITPOINT WARNING * * *
Something bites you!
* * * LOW HITPOINT WARNING * * *
Something draws strength from your injuries!
You completely miss something. Your bite misses something. You hit something.
Your bite misses something. Something hits you.
* * * LOW HITPOINT WARNING * * *
Something bites you.
* * * LOW HITPOINT WARNING * * *
Something draws strength from your injuries!
You hear some strange, mumbled words.
You are confused.
You're too confused to move!
You miss something. Your bite misses something. Something hits you.
* * * LOW HITPOINT WARNING * * *
Something bites you!
You die...

........#####'####........#
........#........#........#
........#........'........#
........#........#.....>..#
........#........####'#...#
.########.............#...###
.#!...................##....#
.#...............{.....#....#
.#..###########.@......#....#
.#..# #........#.#### .#..#
#..#####.#.# .#..# #..#
#.#.#### .#..# ##..# #.#....#
.#..# #...# #.#....# .#..#
#...#####.#....# .#..#
#.........#....# .+..#
#.........#....#


There were no monsters in sight!

Vanquished Creatures
  A hydra (D:9)
  A hornet (D:9)
  A troll (D:10)
  2 dream sheep (D:9)
  2 hippogriffs
  2 yaks (D:8)
  5 orc warriors
  6 sky beasts
  A phantom (D:6)
  2 ice beasts
  8 ogres
  2 centaurs
  A crocodile (D:8)
  3 big kobolds (D:9)
  A wyvern zombie (D:10)
  4 bullfrogs
  10 scorpions
  A wyvern skeleton (D:10)
  A water moccasin skeleton (D:7)
  4 wights (D:10)
  4 howler monkeys
  6 crimson imps
  4 centaur zombies (Ossuary)
  A centaur skeleton (D:5)
  6 orc priests
  3 bullfrog skeletons
  8 hounds
  7 orc wizards
  Terence (D:1)
  An iguana (D:11)
  10 worker ants
  5 big kobold zombies (Ossuary)
  2 mummies (Ossuary)
  2 worker ant zombies
  Robin (D:2)
  7 gnolls
  17 adders
  2 scorpion zombies (Ossuary)
  2 shadow imps
  2 oozes (D:3)
  3 adder skeletons
  3 worms
  2 dart slugs (D:1)
  7 leopard geckos
  40 orcs
  2 ball pythons
  13 bats
  9 giant cockroaches
  2 gnoll zombies (Ossuary)
  19 goblins
  4 hobgoblins
  4 jackals
  7 quokkas
  3 frilled lizards
  A giant cockroach zombie (D:6)
  A hobgoblin zombie (Ossuary)
  13 kobolds
  2 kobold zombies (Ossuary)
  An orc zombie (Ossuary)
  A quokka skeleton (D:8)
  7 rats
293 creatures vanquished.

Vanquished Creatures (others)
  A scorpion (Ossuary)
  A mummy (Ossuary)
  4 toadstools (D:1)
6 creatures vanquished.

Grand Total: 299 creatures vanquished

Notes
Turn   | Place    | Note
-------+----------+-------------------------------------------
     0 | D:1      | zishaf the Vine Stalker Assassin began the quest for the Orb.
     0 | D:1      | Reached XP level 1. HP: 11/11 MP: 2/2
   295 | D:1      | Reached skill level 5 in Stealth
   295 | D:1      | Reached XP level 2. HP: 13/15 MP: 3/3
   316 | D:1      | Reached skill level 1 in Dodging
   414 | D:1      | Reached skill level 2 in Fighting
   527 | D:1      | Reached XP level 3. HP: 18/18 MP: 4/4
   943 | D:2      | Noticed Robin
   969 | D:2      | Killed Robin
   969 | D:2      | Gained mutation: Your natural rate of healing is unusually fast. [Vine Stalker growth]
   969 | D:2      | Reached XP level 4. HP: 20/23 MP: 3/5
  1036 | D:2      | Found a deep blue altar of Sif Muna.
  1079 | D:2      | Noticed Terence
  1150 | D:1      | Killed Terence
  1606 | D:2      | Reached XP level 5. HP: 20/27 MP: 6/6
  1967 | D:3      | Reached skill level 3 in Fighting
  2065 | D:3      | Reached XP level 6. HP: 27/32 MP: 5/7
  2973 | D:4      | Reached XP level 7. HP: 37/37 MP: 8/8
  3117 | D:4      | Reached skill level 4 in Fighting
  3418 | D:5      | Entered Level 5 of the Dungeon
  3662 | D:5      | Reached skill level 5 in Dodging
  3758 | D:5      | Found Fodic's Book Shop.
  4084 | D:5      | Gained mutation: You have razor-sharp teeth. [Vine Stalker growth]
  4084 | D:5      | Reached XP level 8. HP: 28/42 MP: 6/9
  4311 | D:6      | Reached skill level 5 in Fighting
  4515 | D:6      | Found a sand-covered staircase.
  4520 | Ossuary  | Entered an ossuary
  4553 | Ossuary  | Reached skill level 6 in Fighting
  4876 | Ossuary  | Reached XP level 9. HP: 49/49 MP: 10/10
  5435 | D:6      | Reached skill level 5 in Short Blades
  5771 | D:5      | Reached skill level 7 in Fighting
  6562 | D:7      | Reached XP level 10. HP: 50/56 MP: 9/11
  6778 | D:7      | Found a glowing silver altar of Zin.
  6786 | D:7      | Reached skill level 8 in Fighting
  6924 | D:7      | Found a staircase to the Ecumenical Temple.
  6984 | Temple   | Entered the Ecumenical Temple
  7176 | Temple   | Became a worshipper of Uskayaw the Reveler
  7267 | D:7      | You fall through a shaft for 2 floors!
  7274 | D:9      | Reached * piety under Uskayaw
  7310 | D:9      | Found a staircase to the Orcish Mines.
  7342 | D:8      | Reached ** piety under Uskayaw
  7345 | D:8      | Reached *** piety under Uskayaw
  7574 | D:8      | Reached **** piety under Uskayaw
  8423 | D:9      | Reached skill level 1 in Invocations
  8750 | D:9      | Found a runed gate.
  8752 | D:9      | Found a runed gate.
  8754 | D:9      | Found a runed gate.
  8755 | D:9      | Noticed handsome's ghost (novice OpWn)
  8784 | D:9      | Reached skill level 1 in Evocations
  8997 | D:9      | Reached skill level 5 in Throwing
  9066 | D:9      | Noticed a three-headed hydra
  9073 | D:9      | Killed a three-headed hydra
  9073 | D:9      | Reached XP level 11. HP: 48/60 MP: 10/14
  9310 | D:10     | Entered Level 10 of the Dungeon
  9406 | D:10     | Reached skill level 9 in Fighting
  9460 | D:10     | You fall through a shaft!
  9566 | D:10     | Reached ***** piety under Uskayaw
 10251 | D:10     | HP: 1/62 [something (6)]
 10258 | D:10     | HP: 2/62 [something (3)]
 10258 | D:10     | Slain by a vampire

Vault maps used:
D:1:      ldierk_water_garden
D:2:      lemuel_blue_sif_altar, kennysheep_generic_room_3, uniq_robin,
          uniq_terence
D:5:      first_ration, serial_shops, kennysheep_mini_moat,
          hangedman_decor_lopped, minivault_26
D:6:      nicolae_ossuary_entry_ruins, kennysheep_windowed_goal
D:7:      temple_pool_b, basic_altar
D:9:      orc_0_dummy, gammafunk_ghost_necromancy, hangedman_ranch
D:11:     david_lair_shrubbed
Temple:   minmay_crystal_snake_temple
Ossuary:  ossuary_minmay_scorpions

Skill      XL: |  1  2  3  4  5  6  7  8  9 10 11 |
---------------+----------------------------------+-----
Short Blades   | 2 3 7 8 |  8.0
Throwing       | 2 5 |  5.0
Stealth        | 5 6 |  6.0
Dodging        | 1 2 3 4 5 6 |  6.0
Fighting       | 2 3 4 6 7 8 9 |  9.2
Invocations    | 3 4 |  4.0
Evocations     | 2 3 |  3.6

Action                   |  1- 3 |  4- 6 |  7- 9 | 10-12 || total
-------------------------+-------+-------+-------+-------++-------
Melee: Dagger            |    68 |   290 |   514 |   106 ||   978
       Bite              |    11 |    79 |   207 |   106 ||   403
       Short sword       |       |       |    88 |   216 ||   304
 Fire: Blowgun           |    26 |     9 |    32 |    23 ||    90
Invok: Stomp             |       |       |       |     2 ||     2
  Use: Scroll            |       |     5 |     8 |     4 ||    17
       Potion            |       |       |     1 |     1 ||     2
 Stab: Sleeping          |     8 |    12 |    14 |    17 ||    51
       Distracted        |       |     1 |     1 |     2 ||     4
       Paralysed         |       |       |       |     4 ||     4
  Eat: Chunk             |       |     7 |     9 |    10 ||    26
       Ration            |       |       |     1 |     1 ||     2
Armor: Robe              |    23 |     5 |    71 |    43 ||   142
       Scale mail        |       |   117 |       |       ||   117
       Ring mail         |       |     5 |    65 |       ||    70
Dodge: Dodged            |    45 |   146 |   327 |   209 ||   727

Table legend:
 A = Spawn XP
 B = Non-spawn XP
 C = Spawn XP percentage of total XP
 D = Spawn monster count
 E = Non-spawn monster count
 F = Spawn count percentage of total count
 G = Total turns spent on level
                    A         B        C        D         E        F      G
               +---------+---------+-------+---------+---------+-------+---------
         Total |       0 |   10929 |   0.0 |       0 |     294 |   0.0 | 10258
               +---------+---------+-------+---------+---------+-------+---------
           D:1 |       0 |      95 |   0.0 |       0 |      31 |   0.0 |  1017
           D:2 |       0 |      78 |   0.0 |       0 |      34 |   0.0 |   874
           D:3 |       0 |     265 |   0.0 |       0 |      37 |   0.0 |   730
           D:4 |       0 |     394 |   0.0 |       0 |      23 |   0.0 |   797
           D:5 |       0 |     517 |   0.0 |       0 |      12 |   0.0 |   846
           D:6 |       0 |    1313 |   0.0 |       0 |      34 |   0.0 |  1190
           D:7 |       0 |    1548 |   0.0 |       0 |      30 |   0.0 |   949
           D:8 |       0 |    1597 |   0.0 |       0 |      22 |   0.0 |   860
           D:9 |       0 |    2589 |   0.0 |       0 |      25 |   0.0 |  1077
          D:10 |       0 |    1449 |   0.0 |       0 |      16 |   0.0 |   857
          D:11 |       0 |      35 |   0.0 |       0 |       1 |   0.0 |    42
       Ossuary |       0 |    1049 |   0.0 |       0 |      29 |   0.0 |   819
               +---------+---------+-------+---------+---------+-------+---------
